 Dungeon Crawl Stone Soup version 0.18.1-50-g88ac8fd (webtiles) character file.

118 grisgris the Grave Robber (level 4, -1/30 HPs)
             Began as a Vampire Necromancer on Oct 16, 2016.
             Slain by an ogre
             ... wielding a +0 giant spiked club
              (22 damage)
             ... on level 4 of the Dungeon.
             The game lasted 00:08:22 (4714 turns).

grisgris the Grave Robber (Vampire Necromancer)     Turns: 4714, Time: 00:08:23

Health: -1/30      AC:  2    Str:  7    XL:     4   Next: 72%
Magic:  5/8        EV: 13    Int: 18    God:
Gold:   158        SH:  0    Dex: 14    Spells: 3 memorised, 0 levels left

rFire  . . .     SeeInvis +     h - +0 dagger
rCold  + + .     Gourm    .     a - +0 robe
rNeg   + + +     Faith    .     (no shield)
rPois  +         Spirit   .     (no helmet)
rElec  .         Dismiss  .     (no cloak)
rCorr  .         Reflect  .     (no gloves)
SustAt .         Harm     .     (no boots)
MR     .....                    f - amulet of magic regeneration
Stlth  +++.......               (no ring)
                                (no ring)

@: regenerating slowly, not resistant to hostile enchantments, fairly stealthy
A: fangs 3, see invisible, unbreathing
a: Bat Form


You were on level 4 of the Dungeon.
You were near bloodless.

You visited 1 branch of the dungeon, and saw 4 of its levels.

You collected 158 gold pieces.

Inventory:

Hand Weapons
 h - a +0 dagger (weapon)
Armour
 a - a +0 robe (worn)
Jewellery
 f - an amulet of magic regeneration (around neck)
Scrolls
 c - a scroll of amnesia {unknown}
 g - 4 scrolls of identify
 i - 2 scrolls of remove curse {unknown}
 j - a scroll of teleportation {unknown}
 k - a scroll of recharging {unknown}
Potions
 d - a potion of lignification {unknown}
 e - 2 potions of curing
 l - 3 potions of invisibility {unknown}
Books
 b - a book of Necromancy

   Spells                             Type                      Level
   a - Pain                           Necromancy                   1
   b - Animate Skeleton               Necromancy                   1
   c - Vampiric Draining              Necromancy                   3
   d - Regeneration                   Charms/Necromancy            3
   e - Animate Dead                   Necromancy                   4
   f - Control Undead                 Necromancy                   4
 m - a book of Burglary

   Spells                             Type                      Level
   a - Swiftness                      Charms/Air                   2
   b - Passwall                       Transmutation/Earth          2
   c - Passage of Golubria            Translocation                4
   d - Lee's Rapid Deconstruction     Earth                        5
   e - Darkness                       Hexes                        6
   f - Invisibility                   Hexes                        6


   Skills:
 + Level 2.9 Dodging
 + Level 4.4 Stealth
 * Level 3.1 Spellcasting
 + Level 5.1 Necromancy


You couldn't memorise any spells.
You knew the following spells:

 Your Spells              Type           Power        Failure   Level  Hunger
a - Pain                  Necr           ###.         1%          1    None
b - Animate Dead          Necr           N/A          24%         4    ####...
c - Control Undead        Necr           ###.......   24%         4    ####...


Dungeon Overview and Level Annotations

Branches:
Dungeon (4/15)
 Temple: D:4-7

Altars:
Xom


Innate Abilities, Weirdness & Mutations

You heal slowly.
You have razor-sharp teeth.
You have supernaturally acute eyesight.
You can survive without breathing.


Message History

Confirm with . or Enter, or press ? or * to list all spells.
Aiming: Pain
Press: ? - help, Shift-Dir - straight line, f/p - ogre
Aim: an ogre, wielding a giant spiked club (heavily wounded, chance to defeat MR: 80%)
The ogre convulses in agony!
The ogre closely misses you.
Casting: Pain
Confirm with . or Enter, or press ? or * to list all spells.
Aiming: Pain
Press: ? - help, Shift-Dir - straight line, f/p - ogre
Aim: an ogre, wielding a giant spiked club (severely wounded, chance to defeat MR: 80%)
The ogre convulses in agony!
Casting: Pain
Confirm with . or Enter, or press ? or * to list all spells.
Aiming: Pain
Press: ? - help, Shift-Dir - straight line, f/p - ogre
Aim: an ogre, wielding a giant spiked club (almost dead, chance to defeat MR: 80%)
The ogre convulses in agony!
The ogre hits you with a giant spiked club!!
Ouch! That really hurt!
You die...

#.# #.# #.#
#o# #.# #.#
#o####
#..O.#
####@# #...#
#.### #.#
#.# #.# #.#
#.#
##########.#


You could see an ogre and an orc.

Vanquished Creatures
  4 adders
  A worm (D:2)
  2 dart slugs
  4 giant geckos
  4 orcs (D:3)
  6 bats
  4 giant cockroaches
  6 goblins
  12 hobgoblins
  6 kobolds
  3 quokkas
  A ball python (D:3)
  2 giant newts
  8 rats
63 creatures vanquished.

Vanquished Creatures (collateral kills)
  A goblin (D:3)
1 creature vanquished.

Grand Total: 64 creatures vanquished

Notes
Turn   | Place    | Note
--------------------------------------------------------------
     0 | D:1      | grisgris the Vampire Necromancer began the quest for the Orb.
     0 | D:1      | Reached XP level 1. HP: 13/13 MP: 3/3
   198 | D:1      | Reached XP level 2. HP: 4/19 MP: 0/5
   314 | D:1      | Found a shimmering altar of Xom.
   934 | D:2      | Reached XP level 3. HP: 19/24 MP: 3/6
  1599 | D:2      | Reached skill level 5 in Necromancy
  2315 | D:2      | Reached XP level 4. HP: 21/30 MP: 2/8
  2361 | D:2      | Learned a level 4 spell: Control Undead
  3360 | D:3      | Learned a level 4 spell: Animate Dead
  4693 | D:4      | Noticed an ogre
  4714 | D:4      | Slain by an ogre

Skill      XL: |  1  2  3  4 |
---------------+-------------+-----
Necromancy     | 5 |  5.1
Stealth        | 4 |  4.4
Spellcasting   | 3 |  3.1
Dodging        | |  2.9

Action                   |  1- 3 |  4- 6 || total
-------------------------+-------+-------++-------
Melee: Unarmed           |     5 |       ||     5
       Dagger            |     6 |     5 ||    11
 Cast: Pain              |    69 |    53 ||   122
       Animate Dead      |       |     5 ||     5
  Use: Scroll            |     1 |       ||     1
 Stab: Sleeping          |     1 |     4 ||     5
  Eat: Corpse            |       |     1 ||     1
Armor: Robe              |     2 |     1 ||     3
Dodge: Dodged            |    23 |    16 ||    39
